 Dungeon Crawl Stone Soup version 0.30-a0-782-ge64f9170bb (webtiles) character file.

Game seed: 8470910190063920121

2095 mopl the Vexing (level 9, -1/50 HPs)
             Began as a Deep Elf Enchanter on Mar 13, 2023.
             Was an Elder of Dithmenos.
             Slain by a white ugly thing (21 damage)
             ... on level 8 of the Dungeon.
             The game lasted 00:10:16 (5556 turns).

mopl the Vexing (Deep Elf Enchanter)                Turns: 5556, Time: 00:10:17

Health: -1/50      AC:  3    Str:  5    XL:     9   Next: 7%
Magic:  17/21      EV: 12    Int: 25    God:    Dithmenos [****..]
Gold:   226        SH:  0    Dex: 11    Spells: 9/22 levels left

rFire   . . .      SeeInvis +    a - +1 dagger (venom)
rCold   . . .      Faith    .    (no shield)
rNeg    . . .      Spirit   .    u - +0 robe
rPois   +          Reflect  .    (no helmet)
rElec   .          Harm     .    F - +0 cloak
rCorr   +          Rampage  .    (no gloves)
Will    +....                    (no boots)
Stlth   +++++                    w - amulet of the Heavens {RegenMP Fly rPois Dex-4 SInv}
HPRegen 0.28/turn                v - ring of willpower
MPRegen 0.57/turn                h - ring of resist corrosion

@: flying, wreathed by umbra
A: no striking features
a: Renounce Religion, Shadow Step


You were on level 8 of the Dungeon.
You worshipped Dithmenos.
Dithmenos was greatly pleased with you.
You visited 1 branch of the dungeon, and saw 8 of its levels.

You collected 406 gold pieces.
You spent 180 gold pieces at shops.

Inventory:

Hand Weapons
 a - a +1 dagger of venom (weapon)
 b - a +0 dagger of electrocution
Missiles
 r - 4 silver javelins
 x - 8 poisoned darts
 z - 3 boomerangs
 D - 3 datura-tipped darts
Armour
 u - a +0 robe (worn)
 F - a +0 cloak (worn)
Jewellery
 h - a ring of resist corrosion (right hand)
 l - an amulet of reflection
 q - a ring of see invisible
 v - a ring of willpower (left hand)
 w - the amulet of the Heavens (around neck) {RegenMP Fly rPois Dex-4 SInv}
   (You found it on level 3 of the Dungeon)

   [amulet of magic regeneration]

   It increases your rate of magic regeneration.
   Dex:       It affects your dexterity (-4).
   rPois:     It protects you from poison.
   SInv:      It lets you see invisible.
   Fly:       It grants you flight.
Wands
 C - a wand of flame (25)
 H - a wand of digging (3)
Scrolls
 d - 3 scrolls of vulnerability {unknown}
 e - 11 scrolls of identify {unknown}
 f - a scroll of enchant armour {unknown}
 i - a scroll of magic mapping {unknown}
 j - 5 scrolls of teleportation {unknown}
 n - 2 scrolls of fear {unknown}
 o - a scroll of silence {unknown}
 y - 2 scrolls of fog {unknown}
 A - a scroll of enchant weapon {unknown}
Potions
 c - 3 potions of invisibility
 g - 4 potions of curing
 k - 4 potions of heal wounds
 m - 3 potions of might
 p - 2 potions of haste {unknown}
 s - 2 potions of flight
 t - 2 potions of attraction {unknown}
 B - a potion of mutation {unknown}
 E - a potion of ambrosia {unknown}
 G - a potion of lignification {unknown}


   Skills:
 + Level 3.1 Fighting
 + Level 4.7 Short Blades
 - Level 2.4 Dodging
 + Level 7.3 Stealth
 + Level 7.3 Spellcasting
 + Level 7.7 Hexes
 + Level 3.7 Transmutations
 + Level 3.7 Earth Magic


You had 9 spell levels left.
You knew the following spells:

 Your Spells              Type           Power      Damage    Failure   Level
a - Dazzling Flash        Conj/Hex       56%        N/A       4%          3
b - Ensorcelled Hibernat  Hex/Ice        56%        N/A       1%          2
c - Confusing Touch       Hex            47%        N/A       1%          3
d - Tukima's Dance        Hex            47%        N/A       1%          3
p - Passwall              Tmut/Erth      22%        N/A       2%          2

Your spell library contained the following spells:

 Spells                   Type           Power      Damage    Failure   Level
 Sandblast                Erth           54%        2d13      1%          1
 Kiss of Death            Conj/Necr      36%        2d8       7%          1
 Stone Arrow              Conj/Erth      36%        3d9       9%          3
 Vhi's Electric Charge    Tloc/Air       18%        N/A       21%         3
 Dispel Undead            Necr           9%         3d8       54%         4
 Arcjolt                  Conj/Air       4%         1d14      88%         5
 Maxwell's Capacitive Co  Air            4%         ∞         100%        8


Dungeon Overview and Level Annotations

Branches:
Dungeon (8/15)             Temple (0/1) D:5
   Lair: D:8-11

Altars:
Dithmenos
Yredelemnul

Shops:
D:2 !   D:6 :(


Message History

An orc comes into view. It is wielding a +0 short sword.
Found a potion of might.
The orc shouts!
You hear a horrible gurgling sound!
A white ugly thing opens the door.
A white ugly thing comes into view.
The white ugly thing gurgles horribly!
You hit the orc.
The orc is heavily wounded.
The orc hits you with a +0 short sword.
You hit the orc but do no damage.
The orc is poisoned.
The orc is heavily wounded.
The orc hits you with a +0 short sword. The orc attacks as you move away!
The orc closely misses you.
You kill the orc!
Dithmenos accepts your kill.
A white ugly thing is nearby!
Okay, then.
Casting: Confusing Touch (safe; 1% risk of failure)
Confirm with . or Enter, or press ? or * to list all spells.
Your hands begin to glow red.
The white ugly thing trunk-slaps you. The white ugly thing freezes you!
You hit the white ugly thing but do no damage.
The white ugly thing appears confused.
You punch the white ugly thing.
The white ugly thing is lightly wounded.
You catch the helpless white ugly thing completely off-guard!
You puncture the white ugly thing!
The white ugly thing looks as sick as possible!
The white ugly thing is moderately wounded.
Okay, then.
Casting: Confusing Touch (safe; 1% risk of failure)
Confirm with . or Enter, or press ? or * to list all spells.
Casting: Dazzling Flash (dangerous; 4% risk of failure)
Press: ? - help, Dir - look around, f - activate Unknown command.
You hit the white ugly thing but do no damage.
The white ugly thing looks as sick as possible!
The white ugly thing is moderately wounded.
Your shadow barely misses the white ugly thing.
The white ugly thing trunk-slaps you! The white ugly thing freezes you!!
You die...

#........##........ ...
#.........#........ ..#
##.# #.............. ..#
#..# #....##........ #.#
#..###...###...##... #.#
##........# #......#.
..#####........## #......#
..##...........####......#
...............'@.#........
...##.........###u#.##...#.
...###........#!..# ...#
###..#####..)# ...#
##.#..##...# ...#
#.'..###'## ...# ###..# ..
...# #..##.. #####..


You could see a white ugly thing (confused, extremely poisoned).

Vanquished Creatures
  2 water moccasins (D:7)
  An orc warrior (D:6)
  A sky beast (D:7)
  A black bear (D:7)
  2 ice beasts (D:7)
  An ogre (D:6)
  A phantom (D:6)
  2 bullfrogs
  Blork the orc (D:6)
  2 scorpions
  10 killer bees
  5 hounds
  A jelly (D:6)
  2 iguanas
  6 gnolls
  6 adders
  A shadow imp (D:6)
  3 white imps
  2 ufetubi (D:6)
  A worm (D:3)
  A dart slug (D:4)
  21 orcs
  9 bats
  10 endoplasms
  3 giant cockroaches
  9 goblins
  3 hobgoblins
  4 quokkas
  5 ball pythons
  2 frilled lizards
  2 kobolds
  9 rats
129 creatures vanquished.

Vanquished Creatures (collateral kills)
  Crazy Yiuf (D:6)
1 creature vanquished.

Grand Total: 130 creatures vanquished

Notes
Turn   | Place    | Note
-------+----------+-------------------------------------------
     0 | D:1      | mopl the Deep Elf Enchanter began the quest for the Orb.
     0 | D:1      | Reached XP level 1. HP: 10/10 MP: 6/6
    25 | D:1      | Found a faded altar of an unknown god.
    51 | D:1      | Prayed at the altar of an unknown god.
    51 | D:1      | Became a worshipper of Dithmenos the Shadowed
    51 | D:1      | Reached * piety under Dithmenos
   324 | D:1      | Reached XP level 2. HP: 13/15 MP: 8/8
   327 | D:1      | Learned a level 2 spell: Ensorcelled Hibernation
   723 | D:1      | Reached skill level 4 in Stealth
   956 | D:1      | Reached XP level 3. HP: 18/19 MP: 5/10
   962 | D:1      | Learned a level 3 spell: Confusing Touch
   966 | D:1      | Learned a level 3 spell: Tukima's Dance
  1261 | D:2      | Found Faongyisch's Distillery.
  1271 | D:2      | Bought a potion of curing for 36 gold pieces
  1271 | D:2      | Bought a potion of flight for 36 gold pieces
  1301 | D:3      | Reached ** piety under Dithmenos
  1608 | D:3      | Identified the amulet of the Heavens {RegenMP Fly rPois
                  | Dex-4 SInv}
  1902 | D:3      | Reached skill level 2 in Short Blades
  1902 | D:3      | Reached skill level 4 in Spellcasting
  1902 | D:3      | Reached XP level 4. HP: 15/24 MP: 8/12
  1976 | D:3      | Reached skill level 5 in Hexes
  2200 | D:4      | Noticed a scorpion
  2212 | D:4      | Killed a scorpion
  2213 | D:4      | Reached XP level 5. HP: 21/28 MP: 8/13
  2242 | D:4      | Reached skill level 5 in Stealth
  2345 | D:4      | Reached *** piety under Dithmenos
  2460 | D:2      | Bought a potion of heal wounds for 60 gold pieces
  2460 | D:2      | Bought a potion of might for 48 gold pieces
  2643 | D:5      | Entered Level 5 of the Dungeon
  2649 | D:5      | Reached XP level 6. HP: 32/33 MP: 13/15
  2784 | D:5      | Found a staircase to the Ecumenical Temple.
  2810 | D:5      | Reached skill level 1 in Fighting
  2810 | D:5      | Reached skill level 3 in Short Blades
  2810 | D:5      | Reached skill level 5 in Spellcasting
  2891 | D:5      | Learned a level 3 spell: Dazzling Flash
  3010 | D:5      | Learned a level 2 spell: Passwall
  3335 | D:6      | Noticed an orc warrior
  3351 | D:6      | Killed an orc warrior
  3352 | D:6      | Reached skill level 6 in Hexes
  3526 | D:6      | Reached skill level 1 in Transmutations
  3526 | D:6      | Reached skill level 1 in Earth Magic
  3526 | D:6      | Reached XP level 7. HP: 38/38 MP: 17/17
  3697 | D:6      | Noticed Blork the orc
  3704 | D:6      | Killed Blork the orc
  3705 | D:6      | Reached skill level 6 in Stealth
  3730 | D:6      | Found Weoc's Book Shoppe.
  3938 | D:6      | Reached skill level 6 in Spellcasting
  3938 | D:6      | Reached skill level 2 in Transmutations
  3938 | D:6      | Reached skill level 2 in Earth Magic
  3966 | D:6      | Found Jaso's Antique Weapon Shoppe.
  4013 | D:6      | Found a runed translucent door.
  4014 | D:6      | Noticed Crazy Yiuf
  4121 | D:6      | Reached skill level 2 in Fighting
  4311 | D:6      | Killed Crazy Yiuf
  4450 | D:6      | HP: 1/40 [killer bee (7)]
  4455 | D:6      | Reached XP level 8. HP: 7/44 MP: 14/19
  4680 | D:7      | Reached skill level 4 in Short Blades
  4714 | D:7      | Reached skill level 7 in Hexes
  4724 | D:7      | Reached skill level 3 in Transmutations
  4724 | D:7      | Reached skill level 3 in Earth Magic
  4890 | D:7      | Reached **** piety under Dithmenos
  5042 | D:7      | Reached skill level 7 in Stealth
  5120 | D:7      | Found a basalt altar of Yredelemnul.
  5162 | D:7      | Reached skill level 7 in Spellcasting
  5189 | D:7      | Reached skill level 3 in Fighting
  5248 | D:7      | Reached XP level 9. HP: 50/50 MP: 19/21
  5528 | D:8      | Noticed a death yak
  5547 | D:8      | Noticed a white ugly thing
  5556 | D:8      | Slain by a white ugly thing

Illustrated notes

Levels and vault maps discovered:
D:1:      lightli_arrival_statuegarden, layout_basic,
          dreamdust_ecumenical_altar_statues
D:2:      layout_rooms, serial_shops, nicolae_lakefront_shop
D:3:      layout_basic, serial_curves, eino_curves_04, eino_curves_03,
          minmay_curled_crystal, dk_noncrumbling_2
D:4:      layout_rooms
D:5:      layout_loops_ring, minmay_temple_entry_drinking_statues
D:6:      layout_loops_corners, serial_shops, shop_statue,
          nicolae_lakefront_shop, wad_floor_pattern_2, serial_bayou_pond_e,
          uniq_crazy_yiuf_cottage, uniq_blork_the_orc
D:7:      layout_basic, yredelemnul_altar_generic
D:8:      wad_cavern_with_rooms, layout_basic, dpeg_lair_monsters,
          enter_bailey_3, minmay_fire_ice_demons

Skill      XL: |  1  2  3  4  5  6  7  8 |
---------------+-------------------------+-----
Stealth        | 4 5 6 7 |  7.3
Short Blades   | 2 3 4 |  4.7
Spellcasting   | 4 5 6 7 |  7.3
Hexes          | 5 6 7 |  7.7
Fighting       | 1 2 3 |  3.1
Transmutations | 1 2 3 |  3.7
Earth Magic    | 1 2 3 |  3.7
Dodging        | |  2.4

Action                     |  1- 3 |  4- 6 |  7- 9 || total
---------------------------+-------+-------+-------++-------
  Melee: Dagger            |   109 |    78 |    93 ||   280
         Unarmed           |     1 |       |       ||     1
         Punch             |       |       |     3 ||     3
   Cast: Ensorcelled Hiber |    14 |    30 |    34 ||    78
         Passwall          |       |     2 |     2 ||     4
         Confusing Touch   |       |     1 |     6 ||     7
         Tukima's Dance    |       |       |     1 ||     1
         Dazzling Flash    |       |       |     1 ||     1
    Use: Potion            |       |       |     1 ||     1
   Stab: Sleeping          |    27 |    28 |    32 ||    87
         Distracted        |       |     1 |       ||     1
         Confused          |       |       |     5 ||     5
 Armour: Robe              |    26 |     4 |     7 ||    37
  Dodge: Dodged            |    80 |    56 |    53 ||   189
  Block: Other             |    15 |       |       ||    15

Table legend: (Time is in decaauts)
 A = Elapsed time spent in this place.
 B = Non-inter-level travel time spent in this place.
 C = Inter-level travel time spent in this place.
 D = Time resting spent in this place.
 E = Time spent auto-exploring this place.
 F = Levels seen in this place.
 G = Mean time per level.
                   A        B        C        D        E       F      G
               +--------+--------+--------+--------+--------+-----+--------+
         Total |   5513 |   5150 |    363 |    506 |   3555 |   8 |  689.1 |
       Dungeon |   5513 |   5150 |    363 |    506 |   3555 |   8 |  689.1 |
               +--------+--------+--------+--------+--------+-----+--------+

Top non-repeatable levels by time:
     D:6: 1278 daAuts
     D:1: 941 daAuts
     D:3: 893 daAuts
     D:7: 882 daAuts
     D:5: 653 daAuts
     D:2: 404 daAuts
     D:4: 387 daAuts
     D:8: 72 daAuts
